 Dungeon Crawl Stone Soup version 0.31-a0-848-gaac375c287 (webtiles) character file.

Game seed: 15589763003653555030

78 TheGamechu the Sneak (level 4, -8/24 HPs)
             Began as a Kobold Enchanter on Oct 4, 2023.
             Killed by divine providence
             ... invoked by an orc priest
              (16 damage)
             ... on level 3 of the Dungeon.
             The game lasted 00:06:51 (2190 turns).

TheGamechu the Sneak (Kobold Enchanter)             Turns: 2190, Time: 00:06:52

Health: -8/24      AC:  2    Str:  5    XL:     4   Next: 61%
Magic:  1/7        EV: 16    Int: 16    God:
Gold:   89         SH:  0    Dex: 17    Spells: 5/7 levels left

rFire   . . .        n - +0 short sword (holy)
rCold   . . .        (no shield)
rNeg    . . .        b - +0 robe
rPois   .            (no helmet)
rElec   .            (no cloak)
rCorr   .            (no gloves)
SInv    .            (no boots)
Will    .....        (no amulet)
Stlth   ++++         (no ring)
HPRegen 0.24/turn    (no ring)
MPRegen 0.10/turn

%: no passive effects
@: invisible
A: small, no large weapons, nightstalker 3
a: no special abilities


You were on level 3 of the Dungeon.
You visited 1 branch of the dungeon, and saw 3 of its levels.

You collected 89 gold pieces.

Inventory:

Hand Weapons
 n - a +0 short sword of holy wrath (weapon)
Missiles
 g - 40 stones
 m - 5 boomerangs
Armour
 b - a +0 robe (worn)
Jewellery
 h - a ring of ice
 l - an amulet of reflection
Scrolls
 e - a scroll of fear
Potions
 c - a potion of invisibility
 d - 4 potions of haste
 j - a potion of attraction {unknown}


   Skills:
 + Level 3.3 Short Blades
 + Level 3.6 Dodging
 + Level 5.2 Stealth
 - Level 2.1 Spellcasting
 - Level 3.0 Hexes


You had 5 spell levels left.
You knew the following spells:

 Your Spells              Type           Power      Damage    Failure   Level
a - Ensorcelled Hibernat  Hex/Ice        12%        N/A       17%         2

Your spell library contained the following spells:

 Spells                   Type           Power      Damage    Failure   Level
 Confusing Touch          Hex            11%        N/A       19%         3
 Tukima's Dance           Hex            11%        N/A       19%         3
 Dazzling Flash           Conj/Hex       12%        N/A       32%         3


Dungeon Overview and Level Annotations

Branches:
Dungeon (3/15)

Altars:

Shops:
D:1 [   D:3 =


Innate Abilities, Weirdness & Mutations

You are small and have problems with some larger weapons.
You are completely attuned to the shadows.


Message History

Aim: an orc, wielding a +0 whip and wearing a +0 leather armour (chance to affect: 57%)
The orc looks drowsy...
The helpless orc fails to defend itself.
You puncture the orc!
You kill the orc!
The orc priest invokes the aid of Beogh against you.
Beogh smites you!
Ouch! That really hurt!
Unknown command.
Casting: Ensorcelled Hibernation (safe; 17% risk of failure)
Confirm with . or Enter, or press ? or * to list all spells.
Aiming: Ensorcelled Hibernation (safe; 17% risk of failure)
Press: ? - help, Shift-Dir - straight line, f - orc priest
Aim: an orc priest, wielding a +0 flail and wearing a +0 robe (chance to affect: 39%)
The orc priest resists with some effort.
The orc priest invokes the aid of Beogh against you.
Pain shoots through your body!
You fade into invisibility!
The orc priest mumbles some strange prayers to Beogh against you.
You barely resist. You hit the orc priest.
The orc priest is moderately wounded.
The orc priest closely misses you.
You hit the orc priest.
The orc priest is heavily wounded.
The orc misses you.
You hit the orc priest but do no damage.
The orc priest is heavily wounded.
The orc priest barely misses you.
You barely miss the orc priest.
The orc priest is heavily wounded.
The orc priest hits you with a +0 flail.
* * * LOW HITPOINT WARNING * * *
The orc barely misses you.
You hit the orc priest.
The orc priest is heavily wounded.
The orc priest calls down the wrath of Beogh upon you.
Beogh smites you!
Ouch! That really hurt!
You die...

*,,,,*
#.###.........#
#
*,,,,*******#.#
#.........# #
**,,,,,,,,,,#.#
#.........#
*,********,#.#
#.........#
*,*,,,,,,*,#.#
###########
*,*,****,*,#.#
*,*,,,,,,*,#.#
*,#,,,,,,,,#.#
*.#.########@#
*...)......oo#
*##.##########
#,* *,*
*******,*
,,,,,,,,*
*******,* *,*


You could see an orc priest (unable to see you) and an orc (unable to see you).

Vanquished Creatures
  Jessica (D:2)
  2 dart slugs
  5 orcs (D:3)
  4 bats
  5 endoplasms
  3 giant cockroaches
  3 goblins
  4 hobgoblins
  4 kobolds
  3 frilled lizards
  7 rats
41 creatures vanquished.

Notes
Turn   | Place    | Note
-------+----------+-------------------------------------------
     0 | D:1      | TheGamechu the Kobold Enchanter began the quest for the
                  | Orb.
     0 | D:1      | Reached XP level 1. HP: 10/10 MP: 3/3
   253 | D:1      | Reached XP level 2. HP: 15/15 MP: 5/5
   256 | D:1      | Learned a level 2 spell: Ensorcelled Hibernation
   598 | D:1      | Reached XP level 3. HP: 19/19 MP: 6/6
   818 | D:1      | Found Nusaud's Antique Armour Emporium.
  1096 | D:2      | Noticed Jessica
  1100 | D:2      | Killed Jessica
  1101 | D:2      | Reached XP level 4. HP: 24/24 MP: 7/7
  1379 | D:2      | Reached skill level 5 in Stealth
  1780 | D:3      | Found Dymamn's Jewellery Boutique.
  2190 | D:3      | Killed from afar by an orc priest

Illustrated notes

Levels and vault maps discovered:
D:1:      minmay_arrival_solitary_statue, layout_loops_ring, serial_shops,
          nicolae_shop_window_shopping, st_stairs_6
D:2:      layout_basic, uniq_jessica
D:3:      layout_basic, serial_shops, nicolae_shop_peninsula

Skill      XL: |  1  2  3  4 |
---------------+-------------+-----
Short Blades   | 2 3 |  3.3
Dodging        | 3 |  3.6
Stealth        | 5 |  5.2
Spellcasting   | |  2.1
Hexes          | |  3.0

Action                     |  1- 3 |  4- 6 || total
---------------------------+-------+-------++-------
  Melee: Dagger            |    48 |    22 ||    70
         Short sword       |       |    23 ||    23
   Cast: Ensorcelled Hiber |     2 |     8 ||    10
    Use: Scroll            |       |     5 ||     5
         Potion            |       |     1 ||     1
   Stab: Sleeping          |    14 |    13 ||    27
 Armour: Robe              |    12 |     9 ||    21
  Dodge: Dodged            |    37 |    29 ||    66

Table legend: (Time is in decaauts)
 A = Elapsed time spent in this place.
 B = Non-inter-level travel time spent in this place.
 C = Inter-level travel time spent in this place.
 D = Time resting spent in this place.
 E = Time spent auto-exploring this place.
 F = Levels seen in this place.
 G = Mean time per level.
                   A        B        C        D        E       F      G
               +--------+--------+--------+--------+--------+-----+--------+
         Total |   2177 |   2117 |     60 |      0 |   1828 |   3 |  725.7 |
       Dungeon |   2177 |   2117 |     60 |      0 |   1828 |   3 |  725.7 |
               +--------+--------+--------+--------+--------+-----+--------+

Top non-repeatable levels by time:
     D:1: 864 daAuts
     D:2: 843 daAuts
     D:3: 469 daAuts
